 Dungeon Crawl Stone Soup version 0.29-a0-344-ge2f44be95a (console) character file.

Game seed: 845909980640541749

23 Morrissey the Shooter (level 2, 0/15 HPs)
             Began as a Spriggan Hunter on Apr 21, 2022.
             Slain by an ice beast (12 damage)
             ... on level 4 of the Dungeon.
             The game lasted 00:01:45 (1082 turns).

Morrissey the Shooter (Spriggan Hunter)             Turns: 1082, Time: 00:01:45

Health: 0/15       AC:  2    Str:  7    XL:     2   Next: 75%
Magic:  3/3        EV: 18    Int: 10    God:
Gold:   104        SH:  0    Dex: 18    Spells: 1/1 levels left

rFire   . . .      SeeInvis +   a - +1 shortbow
rCold   . . .      Faith    .   (shield currently unavailable)
rNeg    . . .      Spirit   .   b - +0 robe
rPois   .          Reflect  .   (helmet restricted)
rElec   .          Harm     .   (no cloak)
rCorr   .          Rampage  .   (gloves unavailable)
Will    +....                   (boots unavailable)
Stlth   ++........              (no amulet)
HPRegen 0.05/turn               h - ring of willpower
MPRegen 0.08/turn               (no ring)

@: very quick
A: very small, no large weapons, unfitting armour, see invisible, speed 3
a: no special abilities


You were on level 4 of the Dungeon.
You visited 1 branch of the dungeon, and saw 3 of its levels.

You collected 104 gold pieces.

Inventory:

Hand Weapons
 a - a +1 shortbow (weapon)
Armour
 b - a +0 robe (worn)
Jewellery
 h - a ring of willpower (left hand)
Scrolls
 c - a scroll of immolation
 d - 2 scrolls of identify {unknown}
 g - a scroll of teleportation {unknown}
Potions
 e - a potion of attraction {unknown}
 f - 2 potions of brilliance {unknown}
 i - a potion of degeneration {unknown}


   Skills:
 + Level 1.9 Fighting
 * Level 5.1 Bows
 * Level 3.3 Dodging
 + Level 2.2 Stealth


You had one spell level left.
You didn't know any spells.
Your spell library contained the following spells:

 Spells                   Type           Power      Damage    Failure   Level
 Apportation              Tloc           0%         N/A       36%         1


Dungeon Overview and Level Annotations

Branches:
Dungeon (2/15)

Altars:

Shops:
D:1 ?


Innate Abilities, Weirdness & Mutations

You are very small and have problems with some larger weapons.
You are too small for most types of armour.
You have supernaturally acute eyesight. (SInv)
You cover ground extremely quickly. (Speed+++)


Message History

Moving in this stuff is going to be slow.
You enter the shallow water.
Moving in this stuff is going to be slow.
There is a stone staircase leading down here.
You climb downwards.
There is a stone staircase leading up here.
h - a ring of willpower A sourceless malevolence fills the Dungeon...
You fall into a shaft and drop 2 floors!
The shaft crumbles and collapses.
Found a stone staircase leading down.
h - a ring of willpower (left hand)
Found a stone staircase leading down.
i - a viscous puce potion An ice beast comes into view.
You shoot an arrow.
The arrow hits the ice beast but does no damage.
You shoot an arrow. The arrow hits the ice beast.
The ice beast is moderately wounded.
You shoot an arrow. The arrow hits the ice beast.
The ice beast is moderately wounded.
You shoot an arrow. The arrow hits the ice beast.
The ice beast is moderately wounded.
You shoot an arrow. The arrow hits the ice beast!
The ice beast is severely wounded.
You shoot an arrow. The arrow hits the ice beast.
The ice beast is severely wounded.
You shoot an arrow.
The arrow hits the ice beast but does no damage.
The ice beast is severely wounded.
You shoot an arrow. The arrow barely misses the ice beast.
The ice beast misses you. The ice beast barely misses you.
You shoot an arrow. The arrow hits the ice beast!
The ice beast is almost dead.
You shoot an arrow.
The arrow completely misses the ice beast.
The ice beast hits you. The ice beast freezes you!
Ouch! That really hurt!
You die...

## ##.#########.#
####>#..........#
#............# .#
#.###.#.##.#.# .#
#...#.@..##.####
#......Y.....>....
#.#.#....#.###....
...#.##.#....# #.#
#####.##.###..#
#.# #.##.# #..#
#.# ..##.# #..##
#.# ...#.# #...#
#.#
.....####..###.#


You could see an ice beast.

Vanquished Creatures
  2 dart slugs (D:1)
  2 ball pythons (D:1)
  2 endoplasms (D:1)
  A giant cockroach (D:1)
  2 goblins (D:1)
  A hobgoblin (D:1)
  2 kobolds (D:1)
  A quokka (D:1)
  A bat (D:1)
  2 frilled lizards (D:1)
  2 rats (D:1)
18 creatures vanquished.

Notes
Turn   | Place    | Note
-------+----------+-------------------------------------------
     0 | D:1      | Morrissey the Spriggan Hunter began the quest for the Orb.
     0 | D:1      | Reached XP level 1. HP: 10/10 MP: 2/2
   210 | D:1      | Reached skill level 5 in Bows
   343 | D:1      | Reached XP level 2. HP: 15/15 MP: 3/3
   348 | D:1      | Found Gusupt's Magic Scroll Emporium.
   562 | D:1      | Found a faded altar of an unknown god.
   681 | D:1      | Got Plato's Incunabulum of Displacement
  1028 | D:2      | You fall into a shaft and drop 2 floors!
  1058 | D:4      | Noticed an ice beast
  1082 | D:4      | Slain by an ice beast

Illustrated notes

Levels and vault maps discovered:
D:1:      kilobyte_arrival_exit_the_forest, layout_basic, serial_shops,
          nicolae_shop_trees, shapermc_ecumenical_altar_rom_forum,
          chequers_serial_rivers_small_3
D:2:      layout_loops_cross, hangedman_decor_growths
D:4:      layout_loops_ring, general_overflow_altar, minivault_11,
          nicolae_shop_sticking_my_neck_out

Skill      XL: |  1  2 |
---------------+-------+-----
Bows           | 5 |  5.1
Dodging        | 3 |  3.3
Stealth        | 2 |  2.2
Fighting       | |  1.9

Action                   || total
-------------------------++-------
 Fire: Shortbow          ||    44
Armor: Robe              ||     2
Dodge: Dodged            ||     9

Table legend: (Time is in decaauts)
 A = Elapsed time spent in this place.
 B = Non-inter-level travel time spent in this place.
 C = Inter-level travel time spent in this place.
 D = Time resting spent in this place.
 E = Time spent auto-exploring this place.
 F = Levels seen in this place.
 G = Mean time per level.
                   A        B        C        D        E       F      G
               +--------+--------+--------+--------+--------+-----+--------+
         Total |    789 |    763 |     26 |      0 |    653 |   3 |  263.0 |
       Dungeon |    789 |    763 |     26 |      0 |    653 |   3 |  263.0 |
               +--------+--------+--------+--------+--------+-----+--------+

Top non-repeatable levels by time:
     D:1: 741 daAuts
     D:4: 38 daAuts
     D:2: 8 daAuts
